 Dungeon Crawl Stone Soup version 0.28.0-53-g5a82cb258f (webtiles) character file.

Game seed: 4679140796765163210

569 H0rd4k the Charlatan (level 7, -1/52 HPs)
             Began as a Human Artificer on July 14, 2022.
             Slain by a mummy (16 damage)
             ... in an ossuary.
             The game lasted 00:04:16 (5311 turns).

H0rd4k the Charlatan (Human Artificer)              Turns: 5311, Time: 00:04:17

Health: -1/52      AC:  4    Str: 12    XL:     7   Next: 60%
Magic:  11/11      EV: 12    Int: 13    God:
Gold:   153        SH:  0    Dex: 14    Spells: 11/11 levels left

rFire   . . .      SeeInvis .   j - +2 short sword (venom)
rCold   . . .      Faith    .   (no shield)
rNeg    . . .      Spirit   .   b - +1 leather armour
rPois   .          Reflect  .   (no helmet)
rElec   .          Harm     .   (no cloak)
rCorr   .          Rampage  .   (no gloves)
Will    .....                   (no boots)
Stlth   ++........              (no amulet)
HPRegen 0.17/turn               (no ring)
MPRegen 0.12/turn               (no ring)

@: no status effects
A: no striking features
a: no special abilities


You were in an ossuary.
You visited 1 branch of the dungeon, and saw 4 of its levels.
You also visited: Ossuary.

You collected 153 gold pieces.

Inventory:

Hand Weapons
 g - a +0 mace
 j - a +2 short sword of venom (weapon)
 l - a +2 dagger of speed
Armour
 b - a +1 leather armour (worn)
Magical Staves
 i - a staff of poison
Wands
 c - a wand of flame (5) (quivered)
 d - a wand of charming (3)
Scrolls
 f - 2 scrolls of noise {unknown}
 h - a scroll of identify {unknown}
 p - a scroll of vulnerability {unknown}
 q - a scroll of brand weapon {unknown}
Potions
 a - 2 potions of magic {unknown}
 k - a potion of haste
 n - a potion of heal wounds {unknown}
 r - a potion of curing {unknown}
Miscellaneous
 e - a piece from Xom's chessboard (15/15)


   Skills:
 + Level 3.0 Fighting
 + Level 3.3 Short Blades
 + Level 1.9 Maces & Flails
 - Level 2.0 Armour
 + Level 3.0 Dodging
 - Level 1.9 Stealth
 * Level 2.7 Spellcasting
 + Level 4.0 Evocations


You had 11 spell levels left.
You didn't know any spells.
Your spell library contained the following spells:

 Spells                   Type           Power      Damage    Failure   Level
 Dazzling Flash           Conj/Hex       2%         N/A       65%         3
 Ozocubu's Armour         Ice            1%         N/A       65%         3
 Iskenderun's Mystic Bla  Conj/Tloc      1%         2d3       96%         4
 Metabolic Englaciation   Hex/Ice        0%         N/A       100%        5
 Simulacrum               Ice/Necr       0%         N/A       100%        6
 Starburst                Conj/Fire      0%         6d3       100%        6
 Malign Gateway           Summ/Tloc      0%         N/A       100%        7
 Summon Horrible Things   Summ           0%         N/A       100%        8


Dungeon Overview and Level Annotations

Branches:
Dungeon (4/15)            Ossuary (1/1)
 Temple: D:4-7

Altars:


Message History

There is an open door here.
The mummy barely misses you. The mummy hits you!
There is an open door here.
You hit the mummy.
The mummy is lightly damaged.
You hit the mummy.
The mummy is moderately damaged.
The mummy hits you but does no damage.
You closely miss the mummy.
The mummy is moderately damaged.
You hit the mummy. You punch the mummy.
The mummy is severely damaged.
The mummy hits you.
You hit the mummy.
The mummy is severely damaged.
You hit the mummy.
The mummy is almost destroyed.
You hit the mummy.
The mummy is lightly damaged.
The mummy misses you.
You hit the mummy.
The mummy is heavily damaged.
The mummy barely misses you.
You hit the mummy.
The mummy is heavily damaged.
The mummy misses you.
You hit the mummy.
The mummy is almost destroyed.
The mummy barely misses you.
You barely miss the mummy.
The mummy is almost destroyed.
The mummy hits you!
You hit the mummy.
The mummy is almost destroyed.
The mummy hits you!
* * * LOW HITPOINT WARNING * * *
You hit the mummy but do no damage.
The mummy is almost destroyed.
The mummy hits you!
You die...

####### ###########
..#...#!?!!#...#M..#
..'.∩.#!(:?+.∩.M@..#
..#...#!!!?#...#...#
..##### #######...#
..# #...# #'# #'###
..# #...# ..# #...#
..# #...# ..# #...#


You could see 2 mummies.

Vanquished Creatures
  A kobold brigand (D:4)
  A scorpion (D:3)
  4 water moccasin zombies (Ossuary)
  An orc wizard (D:3)
  5 adders
  4 adder zombies (Ossuary)
  5 dart slugs
  2 orcs (D:3)
  10 ball pythons
  5 bats
  6 endoplasms
  3 giant cockroaches
  5 goblins (D:2)
  A hobgoblin (D:2)
  3 jackals
  7 kobolds
  6 quokkas
  4 frilled lizards
  4 gnoll zombies (Ossuary)
  5 hobgoblin zombies
  A jackal zombie (D:4)
  2 kobold zombies (Ossuary)
  4 orc zombies (Ossuary)
  4 rats
  A rat zombie (D:4)
94 creatures vanquished.

Vanquished Creatures (collateral kills)
  A hound (D:4)
  2 orcs (D:4)
  2 hobgoblins
  3 orc zombies (Ossuary)
8 creatures vanquished.

Vanquished Creatures (others)
  A water moccasin zombie (Ossuary)
  An endoplasm (D:1)
  A hobgoblin (D:1)
3 creatures vanquished.

Grand Total: 105 creatures vanquished

Notes
Turn   | Place    | Note
-------+----------+-------------------------------------------
     0 | D:1      | H0rd4k the Human Artificer began the quest for the Orb.
     0 | D:1      | Reached XP level 1. HP: 15/15 MP: 1/1
   112 | D:1      | Reached XP level 2. HP: 13/21 MP: 2/2
   586 | D:1      | Found a faded altar of an unknown god.
   811 | D:1      | Reached XP level 3. HP: 16/26 MP: 3/3
  1760 | D:2      | Reached skill level 1 in Maces & Flails
  2184 | D:2      | Reached XP level 4. HP: 25/32 MP: 3/5
  2629 | D:2      | Reached skill level 1 in Spellcasting
  3100 | D:2      | Reached XP level 5. HP: 33/37 MP: 6/6
  3732 | D:3      | Reached skill level 1 in Short Blades
  3732 | D:3      | Reached XP level 6. HP: 44/44 MP: 8/8
  4308 | D:4      | Found a sand-covered staircase.
  4315 | D:4      | Noticed an orc warrior
  4381 | Ossuary  | Entered an ossuary
  4593 | Ossuary  | Reached XP level 7. HP: 19/51 MP: 10/10
  4986 | Ossuary  | Reached skill level 4 in Evocations
  5311 | Ossuary  | Slain by a mummy

Illustrated notes

Levels and vault maps discovered:
D:1:      minmay_arrival_wavy_path, layout_loops_cross,
          nicolae_ecumenical_snake_handling, minmay_hexomino_p4
D:2:      layout_loops_ring, fountainhead
D:3:      layout_basic
D:4:      layout_cave_pods, okawaru_altar_gauntlet_db,
          nicolae_elyvilon_peaceful_grove, serial_park, serial_park_gazebo
          [serial_park_minivault_5x5_7], serial_park_square3
          [serial_park_minivault_5x5_3], serial_park_square2,
          serial_park_square1 [serial_park_minivault_5x5_7], enter_ossuary_3,
          uniq_crazy_yiuf_cottage
Ossuary:  ossuary_tomb_2

Skill      XL: |  1  2  3  4  5  6  7 |
---------------+----------------------+-----
Maces & Flails | 1 |  1.9
Spellcasting   | 1 2 |  2.7
Fighting       | 2 3 |  3.0
Dodging        | 2 3 |  3.0
Short Blades   | 1 2 3 |  3.3
Evocations     | 4 |  4.0
Armour         | |  2.0
Stealth        | |  1.9

Action                   |  1- 3 |  4- 6 |  7- 9 || total
-------------------------+-------+-------+-------++-------
Melee: Club              |    46 |       |       ||    46
       Mace              |    55 |       |       ||    55
       Short sword       |       |   146 |    95 ||   241
       Punch             |       |       |     1 ||     1
Evoke: Wand              |    14 |     4 |     4 ||    22
  Use: Scroll            |       |     2 |       ||     2
 Stab: Sleeping          |     2 |     1 |       ||     3
Armor: Leather armour    |    49 |    35 |    22 ||   106
Dodge: Dodged            |    84 |    76 |    47 ||   207
